 Dungeon Crawl Stone Soup version 0.31-a0-271-gb88eb75e06 (webtiles) character file.

Game seed: 7578175223075154022

3497 cforsyth the Grappler (level 10, 0/95 HPs)
             Began as a Meteoran Shapeshifter on July 15, 2023.
             Slain by Erica
             ... wielding a +4 scimitar of flaming
              (1 damage)
             ... on level 8 of the Dungeon.
             The game lasted 00:13:13 (2465 turns).

cforsyth the Grappler (Meteoran Shapeshifter)       Turns: 2465, Time: 00:13:14

Health: 0/95       AC:  4    Str: 20    XL:     10   Next: 52%
Magic:  0/11       EV: 17    Int: 10    God:
Gold:   233        SH:  0    Dex: 16    Spells: 9/9 levels left

rFire   . .          .
                       - Unarmed
rCold   . . .        (no shield)
rNeg    + . .        p - +2 robe {Will+}
rPois   .            (helmet currently unavailable)
rElec   .            (cloak currently unavailable)
rCorr   .            (gloves currently unavailable)
SInv    .            (boots currently unavailable)
Will    +++..        j - amulet of guardian spirit
Stlth   +            d - ring of positive energy
HPRegen 0.35/turn    g - +5 ring of evasion
MPRegen 0.12/turn

%: guardian spirit
@: brilliant, lethally poisoned (0 -> -3), beast-form, enlightened, flying,
glowing
A: beast (slay +2), sense surroundings 2, otherworldly, glowing, explore regen
a: Begin Untransformation


You were on level 8 of the Dungeon.
You were a hulking beast.
You visited 1 branch of the dungeon, and saw 9 of its levels.

You collected 233 gold pieces.

Inventory:

Armour
 a - a +0 animal skin
 p - a +2 robe of willpower (worn)
Jewellery
 d - a ring of positive energy (left hand)
 g - a +5 ring of evasion (right hand)
 j - an amulet of guardian spirit (around neck)
 r - a ring of see invisible
Talismans
 c - a beast talisman
Wands
 b - a wand of iceblast (5)
Scrolls
 e - a scroll of silence {unknown}
 f - 2 scrolls of enchant armour {unknown}
 h - 3 scrolls of vulnerability
 i - 2 scrolls of teleportation {unknown}
 l - a scroll of identify
 m - a scroll of enchant weapon {unknown}
 s - a scroll of poison {unknown}
 u - a scroll of torment {unknown}
 v - 3 scrolls of immolation {unknown}
Potions
 k - 6 potions of curing
 n - a potion of magic
 q - a potion of might


   Skills:
 + Level 11.1 Fighting
 - Level 2.4 Dodging
 + Level 12.0 Unarmed Combat
 - Level 3.6 Shapeshifting


You had 9 spell levels left.
You didn't know any spells.
Your spell library was empty.

Dungeon Overview and Level Annotations

Branches:
Dungeon (9/15) Zot: 2997
 Temple: D:4-7         Lair: D:8-11         Orc: D:9-12

Altars:
Cheibriados
Sif Muna
Wu Jian
Xom

Shops:
D:1 *   D:6 =!?

Annotations:
D:5 Pikel
D:7 1 runed translucent door, innerfire43's ghost, novice DsMo
D:8 Erica


Innate Abilities, Weirdness & Mutations

You are a hulking beast.
Your limbs bulge with bestial killing power. (Slay +2)
You passively map the area around you.
You are easily found by Zot.
You glow in the dark.
You regain HP and MP as you explore.


Message History

You closely miss Erica.
Erica is moderately wounded.
You feel very sick.
You closely miss Erica.
Erica is moderately wounded.
You feel very sick.
Erica hits you with a +4 scimitar of flaming.
Erica burns you.
You barely miss Erica.
Erica is moderately wounded.
You feel sick.
Erica casts a spell.
Erica flickers and vanishes!
Deactivating autopickup; reactivate with Ctrl-A.
A sky beast comes into view.
You miss something.
You feel sick. Something hits you. Something burns you.
You hit something.
You feel sick. Something hits you! Something burns you. The sky beast hits you.
The sky beast shocks you.
* * * LOW HITPOINT WARNING * * *
It was a potion of brilliance.
You feel clever all of a sudden.
You feel sick. Something hits you.
* * * LOW HITPOINT WARNING * * *
Something burns you.
* * * LOW HITPOINT WARNING * * *
The sky beast barely misses you.
It was a potion of enlightenment.
You feel very buoyant.
You fly up into the air.
You feel sick. Something hits you.
* * * LOW HITPOINT WARNING * * *
Something burns you.
* * * LOW HITPOINT WARNING * * *
The sky beast misses you.
As you read the scroll labelled KEVUAV ZITUMAISY, it crumbles to dust.
It is a scroll of identify.
h - 3 scrolls of vulnerability You feel sick.
Something hits you!
* * * LOW HITPOINT WARNING * * *
Something burns you.
You die...

#..#.##.#. ,
#..#.# ,# *
,* #..#.#
#,#* *
#..#.#*.#.#.
#..#.##.....
,
#...........,
##..........
, #.#{##.##.
* #.#h#* # ,,
#.#Y# , , * *
*
#.#........,
, *
#.#.##.##.#
#...., .. * ,
#.... #.# * *
.#.##** # , ,
,.#.# * * *
###.# ** *


You could see a sky beast.

Vanquished Creatures
  A two-headed ogre (D:8)
  5 yaks (D:9)
  Sigmund (D:5)
  A steam dragon (D:9)
  Menkaure (D:5)
  A water moccasin (D:6)
  An orc warrior (D:9)
  An ice beast (D:5)
  A sky beast (D:7)
  2 ogres (D:6)
  2 phantoms
  A lemure (D:4)
  A kobold brigand (D:9)
  A gnoll sergeant (D:6)
  2 scorpions
  A howler monkey (D:5)
  A vampire bat (D:7)
  An orc priest (D:7)
  2 gnoll boudas
  2 hounds
  2 jellies
  A sleepcap (D:6)
  3 iguanas
  Ijyb (D:4)
  3 orc wizards
  17 gnolls
  8 adders
  A white imp (D:6)
  4 worms
  A dart slug (D:2)
  29 orcs
  7 endoplasms
  5 giant cockroaches
  2 goblins (D:3)
  3 hobgoblins
  2 jackals (D:1)
  2 quokkas
  4 ball pythons
  8 bats
  3 frilled lizards
  10 kobolds
  6 rats
151 creatures vanquished.

Notes
Turn   | Place    | Note
-------+----------+-------------------------------------------
     0 | D:1      | cforsyth the Meteoran Shapeshifter began the quest for the
                  | Orb.
     0 | D:1      | Reached XP level 1. HP: 17/17 MP: 2/2
   114 | D:1      | Reached XP level 2. HP: 15/25 MP: 3/3
   155 | D:1      | Reached skill level 3 in Unarmed Combat
   195 | D:1      | Found Asuoc's Assorted Antiques.
   250 | D:2      | Reached XP level 3. HP: 30/30 MP: 4/4
   294 | D:2      | Reached XP level 4. HP: 37/38 MP: 5/5
   371 | D:2      | Reached skill level 4 in Unarmed Combat
   456 | D:3      | Reached XP level 5. HP: 44/46 MP: 4/6
   630 | D:3      | Reached skill level 5 in Unarmed Combat
   630 | D:3      | Reached XP level 6. HP: 27/53 MP: 4/7
   720 | D:4      | Found an ornate altar of the Wu Jian Council.
   727 | D:4      | Found a shimmering blue altar of Sif Muna.
   783 | D:5      | Entered Level 5 of the Dungeon
   803 | D:4      | Noticed Ijyb
   807 | D:4      | Found a shimmering altar of Xom.
   829 | D:4      | Killed Ijyb
   838 | D:4      | Found a shimmering altar of Xom.
   838 | D:4      | Found a shimmering altar of Xom.
   839 | D:4      | Found a shimmering altar of Xom.
   849 | D:4      | Found a shimmering altar of Xom.
   905 | D:5      | Noticed Pikel
   920 | D:4      | Reached skill level 5 in Fighting
  1037 | D:5      | Reached XP level 7. HP: 38/61 MP: 4/8
  1040 | D:5      | Reached skill level 6 in Unarmed Combat
  1136 | D:5      | Noticed Sigmund
  1137 | D:5      | HP: 3/63 [Sigmund/puff of flame (6)]
  1153 | D:5      | Killed Sigmund
  1154 | D:5      | Reached skill level 7 in Unarmed Combat
  1154 | D:5      | Reached XP level 8. HP: 28/71 MP: 1/9
  1272 | D:5      | Noticed Menkaure
  1278 | D:5      | Killed Menkaure
  1439 | D:6      | Reached skill level 8 in Unarmed Combat
  1565 | D:6      | Gained mutation: You passively map the area around you.
                  | [Meteoran growth]
  1565 | D:6      | Reached XP level 9. HP: 77/81 MP: 10/10
  1672 | D:6      | Found Cungutu's Distillery.
  1673 | D:6      | Found Loohuom's Jewellery Shop.
  1681 | D:6      | Reached skill level 9 in Unarmed Combat
  1681 | D:6      | Found Cesi's Magic Scroll Shop.
  1806 | D:7      | Found a runed translucent door.
  1806 | D:7      | Noticed innerfire43's ghost (novice DsMo)
  2014 | D:8      | Noticed Erica
  2082 | D:9      | Reached skill level 10 in Unarmed Combat
  2103 | D:9      | Reached XP level 10. HP: 14/93 MP: 5/11
  2106 | D:9      | Reached skill level 10 in Fighting
  2110 | D:9      | HP: 1/93 [yak (5)]
  2113 | D:9      | Reached skill level 11 in Unarmed Combat
  2141 | D:8      | Found a snail-covered altar of Cheibriados.
  2353 | D:8      | Noticed a two-headed ogre
  2360 | D:8      | Killed a two-headed ogre
  2391 | D:9      | Reached skill level 12 in Unarmed Combat
  2465 | D:8      | HP: 1/95 [something (9)]
  2465 | D:8      | Slain by Erica

Illustrated notes

Levels and vault maps discovered:
D:1:      shiori_arrival_elements, layout_loops_ring, serial_shops,
          nicolae_diamond_shop, serial_bayou_crossing
D:2:      layout_rooms, shapermc_ecumenical_altar_mp_urbaneastern, serial_shops,
          nicolae_shop_back_alley_shop, kennysheep_generic_room_15
D:3:      layout_rooms
D:4:      layout_rooms, mainiacjoe_overflow_big_doors, xom_redecorated,
          uniq_ijyb
D:5:      layout_loops_ring, uniq_pikel, uniq_sigmund, uniq_menkaure
D:6:      layout_loops_corners, minmay_temple_entry_ruins,
          nicolae_shop_distant_corner_stores
D:7:      layout_rooms, hellmonk_ghost_happy_afterlife, roderic_batcave,
          david_defended_altar_orc
D:8:      layout_basic, mainiacjoe_overflow_surrounded_room,
          mainiacjoe_overflow_tiny_flanked, kennysheep_nub, uniq_erica
D:9:      layout_basic, hiddenorc1_lemuel

Skill      XL: |  1  2  3  4  5  6  7  8  9 10 |
---------------+-------------------------------+-----
Unarmed Combat | 3 4 5 7 8 10 12 | 12.0
Fighting       | 3 4 5 6 7 9 11 | 11.1
Dodging        | |  2.4
Shapeshifting  | |  3.6

Action                     |  1- 3 |  4- 6 |  7- 9 | 10-12 || total
---------------------------+-------+-------+-------+-------++-------
  Melee: Unarmed           |    69 |   170 |   212 |    81 ||   532
         Punch             |     1 |     3 |    14 |     3 ||    21
  Evoke: Wand              |       |       |       |     2 ||     2
    Use: Potion            |       |       |     6 |     2 ||     8
         Scroll            |       |       |       |     1 ||     1
   Stab: Sleeping          |       |     1 |       |       ||     1
 Armour: Animal skin       |     9 |     6 |       |       ||    15
         Robe              |       |    22 |    21 |     8 ||    51
         Skin              |       |       |     3 |       ||     3
  Dodge: Dodged            |    40 |    91 |   113 |    38 ||   282

Table legend: (Time is in decaauts)
 A = Elapsed time spent in this place.
 B = Non-inter-level travel time spent in this place.
 C = Inter-level travel time spent in this place.
 D = Time resting spent in this place.
 E = Time spent auto-exploring this place.
 F = Levels seen in this place.
 G = Mean time per level.
                   A        B        C        D        E       F      G
               +--------+--------+--------+--------+--------+-----+--------+
         Total |   2401 |   2401 |      0 |     14 |      1 |   9 |  266.8 |
       Dungeon |   2401 |   2401 |      0 |     14 |      1 |   9 |  266.8 |
               +--------+--------+--------+--------+--------+-----+--------+

Top non-repeatable levels by time:
     D:5: 416 daAuts
     D:6: 366 daAuts
     D:8: 318 daAuts
     D:4: 306 daAuts
     D:3: 245 daAuts
     D:2: 223 daAuts
     D:1: 205 daAuts
     D:7: 202 daAuts
     D:9: 116 daAuts
